 Dungeon Crawl Stone Soup version 0.18.1-48-g4cf74bf (webtiles) character file.

73 KarvaRausku the Poker (level 4, -8/35 HPs)
             Began as a Merfolk Gladiator on Aug 15, 2016.
             Killed by divine providence
             ... invoked by an orc priest
              (13 damage)
             ... on level 4 of the Dungeon.
             The game lasted 00:09:26 (2549 turns).

KarvaRausku the Poker (Merfolk Gladiator)           Turns: 2549, Time: 00:09:27

Health: -8/35      AC:  9    Str: 15    XL:     4   Next: 27%
Magic:  4/4        EV: 11    Int:  7    God:
Gold:   151        SH:  0    Dex: 15    Spells: 0 memorised, 3 levels left

rFire  . . .     SeeInvis .     a - +0 trident
rCold  . . .     Gourm    .     q - +0 scale mail
rNeg   . . .     Faith    .     (no shield)
rPois  .         Spirit   .     w - +0 helmet
rElec  .         Dismiss  .     l - +0 cloak
rCorr  +         Reflect  .     y - +0 pair of gloves
SustAt .         Harm     .     (no boots)
MR     .....                    (no amulet)
Stlth  ..........               i - ring of resist corrosion
                                e - ring of resist corrosion

@: not resistant to hostile enchantments, extremely unstealthy
A: change form in water, swift swim
a: no special abilities


You were on level 4 of the Dungeon.
You were not hungry.

You visited 1 branch of the dungeon, and saw 4 of its levels.

You collected 151 gold pieces.

Inventory:

Hand Weapons
 a - a +0 trident (weapon)
 g - a +0 hunting sling
 x - a +0 trident
Missiles
 d - 3 throwing nets (quivered)
Armour
 b - a +0 leather armour
 c - a +0 helmet
 l - a +0 cloak (worn)
 m - a cursed +0 ring mail
 q - a +0 scale mail (worn)
 s - a +0 leather armour
 w - a +0 helmet (worn)
 y - a +0 pair of gloves (worn)
Jewellery
 e - a ring of resist corrosion (left hand)
 i - a ring of resist corrosion (right hand)
 B - an uncursed ring of see invisible {unknown}
Scrolls
 h - 2 scrolls of teleportation {unknown}
 j - 3 scrolls of identify {unknown}
 o - 2 scrolls of amnesia {unknown}
 r - 2 scrolls of enchant armour {unknown}
 u - a scroll of remove curse {unknown}
 v - a scroll of blinking
 E - a scroll of recharging {unknown}
Potions
 t - 2 potions of curing {unknown}
 z - a potion of beneficial mutation {unknown}
 A - 2 potions of lignification {unknown}
 D - 2 potions of might {unknown}
Comestibles
 f - 4 bread rations
 k - 3 chunks of flesh
 n - a slice of pizza
 p - 2 meat rations


   Skills:
 + Level 3.2 Fighting
 + Level 5.6 Polearms
 - Level 2.0 Throwing
 + Level 1.0 Armour
 + Level 4.2 Dodging


You had 3 spell levels left.
You didn't know any spells.

Dungeon Overview and Level Annotations

Branches:
Dungeon (4/15)
 Temple: D:4-7

Altars:
Cheibriados
Dithmenos
Ru
Trog
Vehumet
Xom

Annotations:
D:3 Tokugawa's ghost, amateur GrFi


Message History

Attack whom?
Press: ? - help, Dir - move target cursor, f/p - orc priest
Aim: an orc priest, wielding a hand axe (moderately wounded)
You barely miss the orc priest.
The orc priest is moderately wounded.
The orc hits you but does no damage.
The orc priest miscasts a cantrip.
Attack whom?
Press: ? - help, Dir - move target cursor, f/p - orc priest
Aim: an orc priest, wielding a hand axe (moderately wounded)
You hit the orc priest but do no damage.
The orc priest is moderately wounded.
You hear a shout!
The orc priest hits you but does no damage.
The orc hits you with a morningstar!
* * * LOW HITPOINT WARNING * * *
You hear a shout!
The orc priest calls down the wrath of Beogh upon you.
Beogh smites you!
You die...

#.....##.........#
#.........<......#
##########.....##.........#
.......>........+.........#
######.#########.........#
#....................
#...###.##..........#
#........#....###.###
#..####@.#....# .#
#..oo....# ###)####.# #o.#
+# #.....o... #.........
#......o.o #.........
###.##+##.


You could see an orc priest and an orc.

Vanquished Creatures
  An adder (D:3)
  6 orcs
  A ball python (D:1)
  A giant cockroach (D:2)
  5 goblins
  7 hobgoblins
  8 jackals
  A quokka (D:2)
  3 bats
  A giant gecko skeleton (D:4)
  3 giant newts
  7 kobolds
  10 rats
54 creatures vanquished.

Notes
Turn   | Place    | Note
--------------------------------------------------------------
     0 | D:1      | KarvaRausku the Merfolk Gladiator began the quest for the Orb.
     0 | D:1      | Reached XP level 1. HP: 16/16 MP: 1/1
    93 | D:1      | Reached XP level 2. HP: 21/23 MP: 2/2
   562 | D:1      | Reached skill level 5 in Polearms
   804 | D:2      | Reached XP level 3. HP: 28/28 MP: 3/3
  1006 | D:2      | Found a sacrificial altar of Ru.
  1358 | D:3      | Found a shimmering altar of Xom.
  1378 | D:3      | Reached XP level 4. HP: 32/35 MP: 4/4
  1406 | D:3      | Found a shadowy altar of Dithmenos.
  1406 | D:3      | Found a radiant altar of Vehumet.
  1406 | D:3      | Noticed Tokugawa's ghost (amateur GrFi)
  1407 | D:3      | Found a bloodstained altar of Trog.
  1407 | D:3      | Found a sacrificial altar of Ru.
  1985 | D:3      | Found a snail-covered altar of Cheibriados.
  2354 | D:3      | Reached skill level 1 in Armour
  2549 | D:4      | Killed from afar by an orc priest

Skill      XL: |  1  2  3  4 |
---------------+-------------+-----
Polearms       | 5 |  5.6
Fighting       | 3 |  3.2
Armour         | 1 |  1.0
Throwing       | |  2.0
Dodging        | |  4.2

Action                   |  1- 3 |  4- 6 || total
-------------------------+-------+-------++-------
Melee: Trident           |   121 |    47 ||   168
  Use: Scroll            |     2 |       ||     2
  Eat: Chunk             |     2 |     2 ||     4
       Fruit             |       |     1 ||     1
Armor: Leather armour    |     5 |       ||     5
       Scale mail        |    22 |    15 ||    37
Dodge: Dodged            |    47 |    18 ||    65
